 Dungeon Crawl Stone Soup version 0.28.0-53-g5a82cb258f (webtiles) character file.

Game seed: 5847948324518164467

184 Sin92 the Skirmisher (level 5, -2/42 HPs)
             Began as a Demonspawn Fighter on June 28, 2022.
             Slain by an orc wizard
             ... wielding a +2 vampiric dagger
              (3 damage)
             ... on level 3 of the Dungeon.
             The game lasted 00:01:59 (2506 turns).

Sin92 the Skirmisher (Demonspawn Fighter)           Turns: 2506, Time: 00:02:00

Health: -2/42      AC:  6    Str: 19    XL:     5   Next: 36%
Magic:  5/5        EV:  9    Int:  9    God:
Gold:   152        SH:  4    Dex: 12    Spells: 4/4 levels left

rFire   . . .      SeeInvis .   j - +1 whip (elec)
rCold   + . .      Faith    +   c - +0 buckler
rNeg    . . .      Spirit   .   b - +0 scale mail
rPois   .          Reflect  .   (no helmet)
rElec   .          Harm     +   h - scarf {harm}
rCorr   .          Rampage  .   (no gloves)
Will    .....                   (no boots)
Stlth   ..........              n - amulet of faith
HPRegen 0.14/turn               g - ring of protection from cold
MPRegen 0.09/turn               (no ring)

@: no status effects
A: hooves 1, spiny 1
a: no special abilities


You were on level 3 of the Dungeon.
You visited 1 branch of the dungeon, and saw 3 of its levels.

You collected 152 gold pieces.

Inventory:

Hand Weapons
 a - a +0 flail
 j - a +1 whip of electrocution (weapon)
Armour
 b - a +0 scale mail (worn)
 c - a +0 buckler (worn)
 h - a scarf of harm (worn)
Jewellery
 g - a ring of protection from cold (left hand)
 n - an amulet of faith (around neck)
Scrolls
 f - 3 scrolls of identify
Potions
 d - a potion of might
 e - a potion of brilliance {unknown}
 i - a potion of heal wounds {unknown}


   Skills:
 + Level 3.8 Fighting
 * Level 3.5 Maces & Flails
 + Level 3.4 Armour
 + Level 3.4 Shields


You had 4 spell levels left.
You didn't know any spells.
Your spell library was empty.

Dungeon Overview and Level Annotations

Branches:
Dungeon (3/15)

Altars:

Shops:
D:1 :


Innate Abilities, Weirdness & Mutations

You have large cloven feet.
You are partially covered in sharp spines.


Message History

You are too injured to fight recklessly!
Unknown command.
There are monsters nearby!
There are monsters nearby!
You are too injured to fight recklessly!
Unknown command.
There are monsters nearby!
You are too injured to fight recklessly!
Unknown command.
There are monsters nearby!
Unknown command.
You hit the orc priest but do no damage.
The orc priest is moderately wounded.
The orc priest barely misses you.
The endoplasm hits you but does no damage.
Something completely misses you.
You hit the orc priest.
Lightning courses through the orc priest!
You kill the orc priest!
The endoplasm freezes you.
You are frozen.
You resist.
You hear some strange, mumbled words.
Something tries to affect you, but you resist.
The endoplasm freezes you.
You are frozen.
You resist.
Items here: )) [ †††.
Something hits you but does no damage.
You hit the endoplasm.
You kill the endoplasm!
You hear some strange, mumbled words.
A puff of flame appears from out of thin air!
The puff of flame hits you.
* * * LOW HITPOINT WARNING * * *
You closely miss something.
You hear some strange, mumbled words.
A puff of flame appears from out of thin air!
The puff of flame hits you!
* * * LOW HITPOINT WARNING * * *
Something hits you.
You die...

########
#......#
#......#
#......#
#......#
#######.@..?.#
.......{.<...#
#.###........#
#.###))......#
#.##...#######
.. #.##†### #.
) #.##.# #.##.
#....#
#.#..####.#.##


There were no monsters in sight!

Vanquished Creatures
  A jelly (D:2)
  An orc priest (D:3)
  3 adders
  3 worms (D:2)
  2 dart slugs
  2 orcs (D:3)
  5 ball pythons
  11 endoplasms
  2 giant cockroaches (D:2)
  8 goblins
  6 hobgoblins
  8 jackals
  4 quokkas
  6 bats
  4 frilled lizards
  8 kobolds
  5 rats
79 creatures vanquished.

Notes
Turn   | Place    | Note
-------+----------+-------------------------------------------
     0 | D:1      | Sin92 the Demonspawn Fighter began the quest for the Orb.
     0 | D:1      | Reached XP level 1. HP: 18/18 MP: 1/1
   187 | D:1      | Gained mutation: You are partially covered in sharp spines.
                  | [demonic ancestry]
   187 | D:1      | Reached XP level 2. HP: 20/24 MP: 2/2
   530 | D:1      | Found a faded altar of an unknown god.
   562 | D:1      | Reached XP level 3. HP: 26/29 MP: 3/3
   564 | D:1      | Found Fudohuj's Book Shop.
  1462 | D:2      | Reached XP level 4. HP: 33/35 MP: 4/4
  2436 | D:3      | Gained mutation: You have large cloven feet. [demonic
                  | ancestry]
  2436 | D:3      | Reached XP level 5. HP: 41/42 MP: 5/5
  2506 | D:3      | HP: 1/42 [something/puff of flame (9)]
  2506 | D:3      | Slain by an orc wizard

Illustrated notes

Levels and vault maps discovered:
D:1:      psy_arrival_radial01, layout_loops_ring, serial_shops, shop,
          ebering_ecumenical_altar_abandoned, minmay_close_crescents
D:2:      layout_basic, hangedman_decor_points, minmay_diced_spiral
D:3:      layout_rooms

Skill      XL: |  1  2  3  4 |
---------------+-------------+-----
Maces & Flails | 2 3 |  3.5
Armour         | 3 |  3.4
Shields        | 3 |  3.4
Fighting       | |  3.8

Action                   |  1- 3 |  4- 6 || total
-------------------------+-------+-------++-------
Melee: Flail             |    66 |       ||    66
       Whip              |    19 |    58 ||    77
       Kick              |       |     1 ||     1
  Use: Scroll            |       |     5 ||     5
       Potion            |       |     1 ||     1
Armor: Scale mail        |    25 |    27 ||    52
Dodge: Dodged            |    35 |    15 ||    50
Block: Buckler           |    17 |    16 ||    33
